 Dungeon Crawl Stone Soup version 0.30-a0-585-g93115170b9 (webtiles) character file.

Game seed: 10502965914773099154

6110 wormed the Cruncher (level 10, -12/136 HPs)
             Began as a Minotaur Gladiator on Jan 2, 2023.
             Was an Elder of Trog.
             Killed from afar by a steam dragon (18 damage)
             ... with a ball of steam
             ... on level 9 of the Dungeon.
             The game lasted 00:11:10 (9533 turns).

wormed the Cruncher (Minotaur Gladiator)            Turns: 9533, Time: 00:11:10

Health: -12/136    AC:  1    Str: 18    XL:     10   Next: 58%
Magic:  9/9        EV: 26    Int:  5    God:    Trog [****..]
Gold:   381        SH:  0    Dex: 17    Spells: 9/9 levels left

rFire   . . .      SeeInvis .    a - +0 quarterstaff (drain)
rCold   . . .      Faith    +    (shield currently unavailable)
rNeg    . . .      Spirit   .    b - +0 leather armour
rPois   .          Reflect  .    c - +1 hat
rElec   .          Harm     .    (no cloak)
rCorr   .          Rampage  .    (no gloves)
Will    .....                    (no boots) Stlth
                                 r - amulet of faith
HPRegen 0.42/turn                s - +5 ring of evasion
MPRegen 0.11/turn                p - +5 ring of evasion

@: berserking, corroded, very quick
A: horns 2, retaliatory headbutt
a: Renounce Religion, Berserk, Trog's Hand, Brothers in Arms


You were on level 9 of the Dungeon.
You worshipped Trog.
Trog was greatly pleased with you.
You visited 2 branches of the dungeon, and saw 11 of its levels.
You also visited: Ossuary.

You collected 469 gold pieces.
You spent 88 gold pieces at shops.

Inventory:

Hand Weapons
 a - a +0 quarterstaff of draining (weapon)
Missiles
 d - 4 throwing nets
 e - a javelin (quivered)
Armour
 b - a +0 leather armour (worn)
 c - a +1 hat (worn)
 D - a +0 tower shield
 K - a +0 kite shield
Jewellery
 p - a +5 ring of evasion (right hand)
 r - an amulet of faith (around neck)
 s - a +5 ring of evasion (left hand)
 y - a ring of fire
 E - the amulet "Bem Mui" {Faith MP+9 Slay+2}
   (You found it on level 9 of the Dungeon)

   [amulet of faith]

   It allows you to gain divine favour quickly.
   Slay:      It affects your accuracy & damage with ranged weapons and melee
   (+2).
   MP:        It affects your magic capacity (+9).
 H - an amulet of regeneration
Wands
 f - a wand of digging (6)
 m - a wand of polymorph (10)
 u - a wand of mindburst (8)
 v - a wand of iceblast (8)
 A - a wand of charming (6)
 M - a wand of light (5)
Scrolls
 j - a scroll of enchant weapon
 l - 5 scrolls of teleportation
 n - 4 scrolls of noise
 t - 3 scrolls of enchant armour
 I - 3 scrolls of identify
 L - a scroll of brand weapon
Potions
 g - 3 potions of degeneration
 h - 3 potions of mutation
 i - 3 potions of berserk rage
 k - a potion of haste {unknown}
 o - 2 potions of cancellation {unknown}
 q - 3 potions of might
 w - 5 potions of attraction {unknown}
 x - a potion of flight {unknown}
 z - 2 potions of curing {unknown}
 B - 2 potions of ambrosia {unknown}
 C - a potion of brilliance {unknown}
 F - a potion of heal wounds {unknown}
 G - a potion of lignification
 J - a potion of experience {unknown}


   Skills:
 + Level 9.0 Fighting
 * Level 12.6 Staves
 - Level 2.0 Throwing
 + Level 8.4 Armour
 + Level 8.6 Dodging


You had 9 spell levels left.
You didn't know any spells.
Your spell library contained the following spells:

 Spells                   Type           Power      Damage    Failure   Level
 Ignite Poison            Fire/Tmut/Pois 0%         N/A       88%         3
 Sticky Flame             Conj/Fire      0%         2d3       99%         4
 Ignition                 Fire           0%         3d3       100%        8


Dungeon Overview and Level Annotations

Branches:
Dungeon (10/15)            Temple (1/1) D:6            Lair (0/5) D:10
Ossuary (visited)
    Orc: D:9-12

Altars:
Ashenzari
Cheibriados
Dithmenos
Elyvilon
Fedhas
Gozag
Hepliaklqana
Kikubaaqudgha
Makhleb
Nemelex Xobeh
Okawaru
Qazlal
Ru
Sif Muna
Trog
Uskayaw
Vehumet
Wu Jian
Xom
Yredelemnul
Zin
The Shining One

Shops:
D:3 ?

Annotations:
D:3 2 transporters, Menkaure
D:5 1 runed translucent door, hgbash's ghost, amateur OpCj
D:9 2 transporters


Innate Abilities, Weirdness & Mutations

You have a pair of horns on your head.
You reflexively headbutt those who attack you in melee.


Message History

A wolf comes into view. x2
Something barely misses you.
The wolf moves out of view.
An ice beast and a rime drake come into view.
Found a staircase to the Lair.
The rime drake hisses angrily.
The acid dragon spits acid at you. The splash of acid hits you!!
The acid corrodes you!
The wolf howls! x2; You hear a howl! x2; You hear a shout! x2
Something hits you. The rime drake breathes ice at you.
The icy flash freeze hits you!!
You are encased in ice.
The acid dragon spits acid at you. The splash of acid hits you!
* * * LOW HITPOINT WARNING * * *
A wolf comes into view.
The steam dragon breathes steam at you. The ball of steam hits you!!
* * * LOW HITPOINT WARNING * * *
The steam dragon misses you. x2; Something completely misses you.
There is a stone staircase leading up here.
You are engulfed in a cloud of scalding steam.
* * * LOW HITPOINT WARNING * * *
The ice encasing you melts away. Something closely misses you.
The wolf misses you. You furiously retaliate!
You headbutt the wolf! The steam dragon misses you. You furiously retaliate!
You headbutt the steam dragon. The steam dragon misses you.
Something closely misses you.
You climb upwards.
Level annotation: 2 transporters Reactivating autopickup.
There is a stone staircase leading down here.
A red film seems to cover your vision as you go berserk!
You feel yourself moving faster!
You feel mighty! Something closely misses you. Something hits you.
* * * LOW HITPOINT WARNING * * *
Deactivating autopickup; reactivate with Ctrl-A.
The steam dragon breathes steam at you. The ball of steam hits you!!
You die...

#########.........# #..#
.........###...#.####..##
########.###)..#.##.....#
...............#.##..<..#
##.#####.##.............#
#.# #.##.####.##.....#
#.#####.##.# #.##.....#
##..........## #D######.#
.....))......###@# #.#
.#####[#.##...##.# #.#
.##.<.#..........# #.#
.....###.##...#########.#
....## ##...............#
#.#..###.###.############
##..#.#.## #.# ##.##.##
#.# ##.### #.#


You could see a steam dragon (catching breath).

Vanquished Creatures
  A two-headed ogre (D:9)
  A troll (D:9)
  A hornet (D:9)
  Sigmund (D:3)
  5 yaks (D:9)
  2 wyverns
  A water moccasin (D:9)
  An orc warrior (D:9)
  2 ice beasts (D:7)
  3 ogres
  2 centaurs
  3 scorpions
  2 bullfrogs
  A gnoll sergeant (D:9)
  25 wights
  9 killer bees
  4 howler monkeys (D:9)
  3 hounds
  A gnoll bouda (D:5)
  Ijyb (D:4)
  3 orc priests
  6 iguanas
  Natasha (thrice) (D:3)
  An orc wizard (D:6)
  5 mummies
  20 gnolls
  9 adders
  3 white imps
  2 ufetubi (D:6)
  3 dart slugs
  20 orcs
  5 endoplasms
  6 giant cockroaches
  5 gnoll zombies (Ossuary)
  3 goblins
  5 hobgoblins
  2 kobolds
  5 quokkas
  4 ball pythons
  3 bats
  4 frilled lizards
  5 gnoll skeletons (Ossuary)
  8 goblin skeletons (Ossuary)
  5 goblin zombies (Ossuary)
  4 hobgoblin skeletons (Ossuary)
  4 hobgoblin zombies (Ossuary)
  2 kobold zombies (Ossuary)
  An orc skeleton (Ossuary)
  4 orc zombies (Ossuary)
  8 rats
  7 rat skeletons (Ossuary)
  5 rat zombies (Ossuary)
239 creatures vanquished.

Vanquished Creatures (others)
  A plant (D:4)
1 creature vanquished.

Grand Total: 240 creatures vanquished

Notes
Turn   | Place    | Note
-------+----------+-------------------------------------------
     0 | D:1      | wormed the Minotaur Gladiator began the quest for the Orb.
     0 | D:1      | Reached XP level 1. HP: 18/18 MP: 0/0
   315 | D:1      | Reached skill level 4 in Staves
   319 | D:1      | Reached XP level 2. HP: 25/25 MP: 1/1
  1488 | D:3      | Reached XP level 3. HP: 31/31 MP: 2/2
  1495 | D:3      | Noticed Natasha
  1502 | D:3      | Reached skill level 1 in Armour
  1505 | D:3      | Killed Natasha
  1506 | D:3      | Reached XP level 4. HP: 35/38 MP: 3/3
  1547 | D:3      | Found Isusunyteh's Magic Scroll Emporium.
  1567 | D:3      | Bought a scroll of identify for 22 gold pieces
  1567 | D:3      | Bought a scroll of identify for 22 gold pieces
  1567 | D:3      | Bought a scroll of identify for 22 gold pieces
  1567 | D:3      | Bought a scroll of identify for 22 gold pieces
  1731 | D:3      | Noticed Sigmund
  1735 | D:3      | Killed Sigmund
  1736 | D:3      | Reached skill level 5 in Staves
  1736 | D:3      | Reached XP level 5. HP: 44/46 MP: 4/4
  1866 | D:3      | Found a transporter.
  1872 | D:3      | Found a transporter.
  1881 | D:3      | Noticed Menkaure
  1896 | D:3      | Found a basalt altar of Yredelemnul.
  1904 | D:3      | Found an ancient bone altar of Kikubaaqudgha.
  1964 | D:3      | Noticed Natasha
  1973 | D:3      | Killed Natasha
  1974 | D:3      | Reached XP level 6. HP: 39/52 MP: 5/5
  2159 | D:3      | Noticed Natasha
  2166 | D:3      | Killed Natasha
  2167 | D:3      | Reached skill level 6 in Staves
  2241 | D:4      | Noticed Ijyb
  2251 | D:4      | Killed Ijyb
  2854 | D:4      | Reached XP level 7. HP: 53/60 MP: 6/6
  2863 | D:4      | Reached skill level 5 in Dodging
  3267 | D:5      | Entered Level 5 of the Dungeon
  3374 | D:5      | Reached skill level 7 in Staves
  3388 | D:5      | Reached skill level 5 in Fighting
  3817 | D:5      | Found a runed translucent door.
  3824 | D:5      | Noticed hgbash's ghost (amateur OpCj)
  3871 | D:5      | Reached XP level 8. HP: 27/69 MP: 7/7
  3882 | D:5      | Reached skill level 8 in Staves
  4630 | D:5      | You fall into a shaft and drop 1 floor!
  4652 | D:6      | Found a staircase to the Ecumenical Temple.
  4661 | Temple   | Entered the Ecumenical Temple
  4835 | Temple   | Became a worshipper of Trog the Wrathful
  5089 | D:6      | Reached skill level 5 in Armour
  6015 | D:7      | Found a sand-covered staircase.
  6024 | Ossuary  | Entered an ossuary
  6038 | Ossuary  | Reached * piety under Trog
  6184 | Ossuary  | Reached ** piety under Trog
  6280 | Ossuary  | Reached skill level 9 in Staves
  6931 | D:8      | Reached XP level 9. HP: 67/78 MP: 8/8
  7099 | D:8      | Reached *** piety under Trog
  7100 | D:8      | Reached skill level 10 in Staves
  7918 | D:8      | Reached skill level 11 in Staves
  8254 | D:9      | Noticed a two-headed ogre
  8260 | D:9      | Killed a two-headed ogre
  8261 | D:9      | Reached XP level 10. HP: 88/88 MP: 9/9
  8349 | D:9      | Identified the amulet "Bem Mui" {Faith MP+9 Slay+2}
  8457 | D:9      | Reached **** piety under Trog
  8559 | D:9      | Found a transporter.
  8564 | D:9      | Found a transporter.
  8575 | D:9      | Noticed an ogre mage
  8665 | D:9      | Reached skill level 12 in Staves
  9523 | D:10     | Entered Level 10 of the Dungeon
  9527 | D:10     | Found a staircase to the Lair.
  9533 | D:9      | HP: 6/136 [something (5)]
  9533 | D:9      | Killed from afar by a steam dragon

Illustrated notes

Levels and vault maps discovered:
D:1:      psy_arrival_radial02, layout_loops_ring
D:2:      layout_basic, serial_aquarium, aquarium_bridge_square
          [aquarium_subvault_bridge, aquarium_subvault_balcony,
          aquarium_subvault_wall, aquarium_subvault_bridge],
          aquarium_window_fake, aquarium_window_2, aquarium_view_2d,
          roderic_roman_lattice
D:3:      layout_loops_cross, gammafunk_temple_of_torment, serial_shops,
          nicolae_shop_advertising_works [nicolae_subvault_shop_adworks],
          chequers_serial_rivers_micro_b, minmay_misc_feat_secret_circle,
          grunt_ministairs_10, minmay_misc_feat_rugged, glass_columns_a,
          uniq_natasha, uniq_sigmund
D:4:      layout_gridville, serial_forest, infiniplex_forest_lined_1,
          infiniplex_forest_lined_3, infiniplex_forest_straight_5,
          infiniplex_forest_diagonal, infiniplex_forest_clump_small,
          infiniplex_forest_straight_3, uniq_ijyb
D:5:      layout_cave_pods, ebering_ghost_sewer_d, cheibrodos_sewer_entry_drain,
          hangedman_minor_gate_pass
D:6:      layout_basic, minmay_temple_entry_waves
D:7:      layout_loops_cross, enter_bailey_2, gup_ossuary_entry_pyramid
D:8:      layout_gridville
D:9:      gammafunk_beogh_shrine, layout_loops_ring,
          amcnicky_mini_corridor_feature, kennysheep_cross_bottleneck
D:10:     layout_rooms, hellmonk_lair_entry_icy, orc_0_dummy, minmay_liquid_box,
          minmay_joined_circles
Temple:   nicolae_temple_slightly_damp_pantheon

Skill      XL: |  1  2  3  4  5  6  7  8  9 10 |
---------------+-------------------------------+-----
Staves         | 4 5 6 7 9 11 12 | 12.6
Fighting       | 3 4 5 6 8 9 |  9.0
Armour         | 1 2 3 4 5 7 8 |  8.4
Dodging        | 4 5 6 7 8 |  8.6
Throwing       | |  2.0

Action                   |  1- 3 |  4- 6 |  7- 9 | 10-12 || total
-------------------------+-------+-------+-------+-------++-------
Melee: Quarterstaff      |    48 |   101 |   318 |   102 ||   569
       Headbutt          |     6 |    20 |    61 |    18 ||   105
Throw: Javelin           |       |       |     1 |       ||     1
Invok: Berserk           |       |       |     5 |     2 ||     7
Evoke: Wand              |       |       |     1 |       ||     1
  Use: Scroll            |       |     5 |    14 |       ||    19
       Potion            |       |     1 |     1 |       ||     2
 Stab: Sleeping          |       |     2 |     1 |       ||     3
Armor: Leather armour    |    11 |     7 |    14 |     5 ||    37
       Skin              |       |    10 |    54 |       ||    64
Dodge: Dodged            |    39 |    65 |   227 |   117 ||   448

Table legend: (Time is in decaauts)
 A = Elapsed time spent in this place.
 B = Non-inter-level travel time spent in this place.
 C = Inter-level travel time spent in this place.
 D = Time resting spent in this place.
 E = Time spent auto-exploring this place.
 F = Levels seen in this place.
 G = Mean time per level.
                   A        B        C        D        E       F      G
               +--------+--------+--------+--------+--------+-----+--------+
         Total |   9525 |   9143 |    382 |    546 |   7250 |  12 |  793.8 |
       Dungeon |   8924 |   8560 |    364 |    546 |   6853 |  10 |  892.4 |
        Temple |    193 |    175 |     18 |      0 |    145 |   1 |  193.0 |
       Ossuary |    406 |    406 |      0 |      0 |    252 |   1 |  406.0 |
               +--------+--------+--------+--------+--------+-----+--------+

Top non-repeatable levels by time:
     D:8: 1530 daAuts
     D:5: 1450 daAuts
     D:9: 1086 daAuts
     D:4: 1046 daAuts
     D:6: 948 daAuts
     D:1: 902 daAuts
     D:3: 744 daAuts
     D:7: 628 daAuts
     D:2: 578 daAuts
 Ossuary: 406 daAuts
  Temple: 193 daAuts
    D:10: 8 daAuts
